 Dungeon Crawl Stone Soup version 0.26.1-11-gd32895ea62 (webtiles) character file.

Game seed: 5606182678105366614

3325 dtburroughs the Cleaver (level 9, -12/82 HPs)
             Began as a Minotaur Berserker on June 24, 2021.
             Was an Elder of Trog.
             Mangled by an orc warrior
             ... wielding a +0 glaive
              (22 damage)
             ... on level 8 of the Dungeon.
             The game lasted 00:14:20 (11765 turns).

dtburroughs the Cleaver (Minotaur Berserker)       Turns: 11765, Time: 00:14:21

Health: -12/82     AC: 10    Str: 21    XL:     9   Next: 71%
Magic:  17/17      EV: 11    Int:  7    God:    Trog [****..]
Gold:   464        SH:  5    Dex: 11    Spells: 8/8 levels left

rFire    . . .     SeeInvis .   w - +0 war axe
rCold    . . .     Faith    .   r - +0 buckler
rNeg     . . .     Spirit   .   z - +0 chain mail
rPois    .         Reflect  .   (helmet restricted)
rElec    .         Harm     .   (no cloak)
rCorr    .         Rampage  .   (no gloves)
Will     .....                  (no boots)
Stlth    ..........             (no amulet)
HPRegen  0.23/turn              l - ring of magical power
MPRegen  0.15/turn              (no ring)

@: berserk cooldown, slowed, studying Short Blades, very slow
A: retaliatory headbutt, horns 2
a: Renounce Religion, Berserk, Trog's Hand, Brothers in Arms


You were on level 8 of the Dungeon.
You worshipped Trog.
Trog was greatly pleased with you.
You visited 1 branch of the dungeon, and saw 8 of its levels.

You collected 464 gold pieces.

Inventory:

Hand Weapons
 a - a +0 hand axe
 o - a +0 morningstar
 w - a +0 war axe (weapon)
 y - a +2 flail of protection
 A - a +0 battleaxe
 E - a +2 whip of flaming
Armour
 r - a +0 buckler (worn)
 z - a +0 chain mail (worn)
 C - a +3 leather armour of cold resistance
Jewellery
 l - a ring of magical power (left hand)
Scrolls
 e - 2 scrolls of magic mapping {unknown}
 f - 2 scrolls of fog {unknown}
 g - a scroll of random uselessness {unknown}
 i - 2 scrolls of enchant weapon {unknown}
 k - 2 scrolls of amnesia {unknown}
 p - 3 scrolls of remove curse {unknown}
 q - 3 scrolls of teleportation {unknown}
 v - a scroll of vulnerability {unknown}
 x - 2 scrolls of immolation {unknown}
 B - a scroll of fear {unknown}
 F - 2 scrolls of noise {unknown}
Potions
 d - 2 potions of attraction
 h - a potion of brilliance {unknown}
 j - 3 potions of ambrosia
 m - a potion of berserk rage {unknown}
 n - 2 potions of curing
 s - 2 potions of cancellation
 t - a potion of haste {unknown}
 u - a potion of flight {unknown}
 G - a potion of resistance {unknown}
Books
 D - a manual of Short Blades


   Skills:
 + Level 8.4 Fighting
 + Level 8.5 Axes
 + Level 7.9 Armour
 + Level 7.2 Dodging
 + Level 6.5 Shields


You had 8 spell levels left.
You didn't know any spells.
Your spell library was empty.

Dungeon Overview and Level Annotations

Branches:
Dungeon (8/15)             Temple (0/1) D:4            Lair (0/6) D:8

Altars:
Makhleb
Nemelex Xobeh
Sif Muna


Innate Abilities, Weirdness & Mutations

You reflexively headbutt those who attack you in melee.
You have a pair of horns on your head.


Message History

The orc warrior hits you with a +0 scimitar!
* * * LOW HITPOINT WARNING * * *
Something hits you but does no damage. The orc warrior barely misses you.
An orc wizard appears from thin air!
Reactivating autopickup.
Your skin stops crawling.
You feel less strong-willed.
The orc wizard points at itself and mumbles some strange words.
The orc wizard flickers and vanishes!
Deactivating autopickup; reactivate with Ctrl-A.
You hear some strange, mumbled words.
Something tries to affect you, but you resist.
The orc warrior hits you from afar with a +0 glaive!
* * * LOW HITPOINT WARNING * * *
The orc warrior barely misses you. You furiously retaliate!
You headbutt the orc warrior, but do no damage.
An orc wizard appears from thin air!
Reactivating autopickup.
The orc warrior hits you from afar with a +0 glaive!!
You die...

#.....#### #..######
#.....#..###+###.......#
#.....#..#.....#........
+.....#..#.....#......
#.....#..#.....#...(
#.....##'####'###>+#### #
#####.................# #
#.................# +
#.....@oo.........# #
##+#####.......o........†#####
.........##########...........
.........#....# +...........
.........'....# #...........
###.........#.)###
#........... #.....####'##..#
#####.....## #.....+........#
#.....# #.....#........#
#.....#


You could see 2 orc warriors and an orc wizard.

Vanquished Creatures
  A two-headed ogre (D:7)
  An ice beast (D:8)
  A sky beast (D:7)
  2 orc warriors (D:6)
  A necrophage (D:7)
  3 ogres
  A centaur (D:6)
  A big kobold (D:7)
  5 bullfrogs
  2 scorpions
  6 killer bees (D:7)
  A wight (D:6)
  A jelly (D:7)
  A centaur skeleton (D:6)
  5 hounds
  5 orc priests
  A gnoll shaman (D:4)
  Jessica (D:3)
  3 iguanas
  2 orc wizards (D:6)
  7 worker ants
  A killer bee zombie (D:7)
  A hound skeleton (D:4)
  Robin (D:4)
  10 adders
  4 gnolls (D:4)
  A shadow imp (D:7)
  2 white imps
  2 ufetubi (D:7)
  3 oozes
  2 adder zombies
  2 adder skeletons
  4 worms
  2 dart slugs
  9 leopard geckos
  23 orcs
  8 bats
  12 giant cockroaches
  13 goblins
  3 hobgoblins
  13 jackals
  4 quokkas
  9 frilled lizards
  A jackal skeleton (D:7)
  15 kobolds
  A leopard gecko skeleton (D:4)
  6 rats
203 creatures vanquished.

Notes
Turn   | Place    | Note
-------+----------+-------------------------------------------
     0 | D:1      | dtburroughs the Minotaur Berserker began the quest for the
                  | Orb.
     0 | D:1      | Reached XP level 1. HP: 19/19 MP: 0/0
   545 | D:1      | Reached XP level 2. HP: 27/27 MP: 1/1
  1446 | D:2      | Reached XP level 3. HP: 33/33 MP: 2/2
  1560 | D:2      | Found a sparkling altar of Nemelex Xobeh.
  1971 | D:2      | Reached ** piety under Trog
  1974 | D:2      | Reached XP level 4. HP: 40/40 MP: 3/3
  3015 | D:3      | Noticed Jessica
  3028 | D:3      | Killed Jessica
  3029 | D:3      | Reached XP level 5. HP: 39/47 MP: 4/4
  3030 | D:3      | Found a shimmering blue altar of Sif Muna.
  3394 | D:4      | Reached *** piety under Trog
  3395 | D:4      | Reached skill level 5 in Fighting
  3395 | D:4      | Reached skill level 5 in Axes
  4139 | D:4      | Reached XP level 6. HP: 56/56 MP: 5/5
  4570 | D:4      | Reached skill level 1 in Shields
  4850 | D:4      | Found a staircase to the Ecumenical Temple.
  4853 | D:4      | Noticed Robin
  4866 | D:4      | Killed Robin
  5674 | D:4      | Reached XP level 7. HP: 59/61 MP: 6/6
  6118 | D:5      | Entered Level 5 of the Dungeon
  6559 | D:5      | Reached skill level 5 in Armour
  6721 | D:5      | HP: 4/93 [orc priest/divine providence (13)]
  7229 | D:5      | Found a burning altar of Makhleb.
  7642 | D:6      | Reached skill level 5 in Dodging
  8094 | D:6      | Reached XP level 8. HP: 44/70 MP: 7/7
  9567 | D:7      | Noticed a two-headed ogre
  9763 | D:7      | Killed a two-headed ogre
  9764 | D:7      | Reached skill level 5 in Shields
  9764 | D:7      | Reached XP level 9. HP: 25/79 MP: 8/8
 10073 | D:7      | Reached **** piety under Trog
 11705 | D:8      | Found a staircase to the Lair.
 11765 | D:8      | Mangled by an orc warrior

Illustrated notes

Levels and vault maps discovered:
D:1:      kilobyte_arrival_exit_the_forest, layout_loops_corners,
          minmay_misc_feat_tower, st_stairs_6
D:2:      layout_loops_corners, nemelex_xobeh_ov_fountains_minmay
D:3:      layout_loops_cross, nrook_campfire, tgw_sif
D:4:      layout_layer_cave, minmay_temple_entry_arrows, uniq_robin
D:5:      layout_layer_cave, basic_altar
D:6:      layout_cave_pods
D:7:      layout_basic, minmay_manual_mandibuliform
D:8:      layout_gridville, lair_entry_dummy, enter_bailey_2, chequers_garden

Skill      XL: |  1  2  3  4  5  6  7  8  9 |
---------------+----------------------------+-----
Fighting       | 4 5 6 7 8 |  8.4
Axes           | 4 5 6 7 8 |  8.5
Armour         | 3 4 5 7 |  7.9
Dodging        | 3 4 5 6 7 |  7.2
Shields        | 2 3 5 6 |  6.5

Action                   |  1- 3 |  4- 6 |  7- 9 || total
-------------------------+-------+-------+-------++-------
Melee: Hand axe          |    59 |   196 |     6 ||   261
       Headbutt          |    10 |    32 |    63 ||   105
       War axe           |       |       |   276 ||   276
Invok: Berserk           |       |     1 |     5 ||     6
       Trog's Hand       |       |       |    10 ||    10
  Use: Scroll            |       |       |     5 ||     5
       Potion            |       |       |     2 ||     2
 Stab: Sleeping          |       |     1 |       ||     1
Armor: Animal skin       |    15 |    17 |       ||    32
       Ring mail         |       |    21 |     7 ||    28
       Chain mail        |       |       |    93 ||    93
Dodge: Dodged            |    44 |   138 |   182 ||   364
Block: Buckler           |       |    14 |    50 ||    64
